 Dungeon Crawl Stone Soup version 0.30.0-5-g1a98f26d00 (webtiles) character file.

Game seed: 14684754760516868978

483 qeuew the Covered (level 6, -8/79 (84) HPs)
             Began as a Minotaur Berserker on May 9, 2023.
             Was a Priest of Trog.
             Mangled by a wight
             ... wielding a +0 halberd
              (16 damage)
             ... on level 5 of the Dungeon.
             The game lasted 00:03:58 (3454 turns).

qeuew the Covered (Minotaur Berserker)              Turns: 3454, Time: 00:03:59

HP:   -8/79 (84)    AC:  5    Str: 21    XL:     6   Next: 88%
MP:   5/5           EV: 13    Int:  4    God:    Trog [***...]
Gold: 224           SH:  0    Dex: 12    Spells: 5/5 levels left

rFire   . . .        a - +0 hand axe (venom)
rCold   . . .        (no shield)
rNeg    . . .        d - +0 leather armour
rPois   .            (helmet restricted)
rElec   .            (no cloak)
rCorr   .            c - +0 pair of gloves
SInv    .            (no boots)
Will    .....        (no amulet) Stlth
                     j - ring of flight
HPRegen 0.33/turn    (no ring)
MPRegen 0.09/turn

%: no passive effects
@: berserking, flying, drained, very quick
A: horns 2, retaliatory headbutt
a: Renounce Religion, Berserk, Trog's Hand


You were on level 5 of the Dungeon.
You worshipped Trog.
Trog was most pleased with you.
You visited 1 branch of the dungeon, and saw 5 of its levels.

You collected 224 gold pieces.

Inventory:

Hand Weapons
 a - a +0 hand axe of venom (weapon)
Armour
 c - a +0 pair of gloves (worn)
 d - a +0 leather armour (worn)
Jewellery
 j - a ring of flight (left hand)
Wands
 l - a wand of roots (13)
Scrolls
 b - 2 scrolls of teleportation
 f - a scroll of enchant weapon
 g - a scroll of fog
 h - a scroll of identify
 o - a scroll of magic mapping
Potions
 e - a potion of curing
 i - a potion of cancellation
 k - a potion of invisibility {unknown}
 m - a potion of heal wounds
 n - a potion of ambrosia


   Skills:
 + Level 5.3 Fighting
 + Level 5.3 Axes
 * Level 6.0 Armour
 + Level 4.0 Dodging


You had 5 spell levels left.
You didn't know any spells.
Your spell library was empty.

Dungeon Overview and Level Annotations

Branches:
Dungeon (5/15)
 Temple: D:4-7

Altars:
Ashenzari
Qazlal
Uskayaw
Zin


Innate Abilities, Weirdness & Mutations

You have a pair of horns on your head.
You reflexively headbutt those who attack you in melee.


Message History

The wight hits you from afar with a +0 halberd!
The wight barely misses you. The wight closely misses you.
You furiously retaliate!
You headbutt the wight.
A red film seems to cover your vision as you go berserk!
You feel yourself moving faster!
You feel mighty!
The wight hits you with a +3 dagger of freezing.
You feel drained. The wight freezes you. The wight barely misses you.
The wight hits you with a +5 short sword of freezing.
The wight freezes you. The wight misses you.
Unknown command.
You slash the wight! Your headbutt misses the wight.
The wight is severely damaged.
You slash the wight!
You destroy the wight!
Trog accepts your kill.
You hit the wight. The wight hits you with a +3 hand axe.
* * * LOW HITPOINT WARNING * * *
The wight hits you with a +3 dagger of freezing.
* * * LOW HITPOINT WARNING * * *
The wight freezes you.
* * * LOW HITPOINT WARNING * * *
The wight barely misses you.
Your life force feels restored.
Your Armour skill increases to level 6!
Your Dodging skill increases to level 4!
You slash the wight!
You destroy the wight!
Trog accepts your kill.
You barely miss the wight. You hit the wight.
The wight hits you with a +0 morningstar.
* * * LOW HITPOINT WARNING * * *
You feel drained.
The wight hits you with a +3 dagger of freezing.
* * * LOW HITPOINT WARNING * * *
You feel drained.
* * * LOW HITPOINT WARNING * * *
The wight freezes you.
* * * LOW HITPOINT WARNING * * *
The wight hits you from afar with a +0 halberd!
You die...

....#?..........#
...#...........#
..#..........>#
#.##.#####.#### .
##.##.##.##.#######..
#......#.....#.......
#......#.....#.......
#......#..[..#z......
#......#.....@)......
#.....##.....#zz.....
##....##.....#W).....
#.....##...###...##..
#.....####+ ...# .
#.........> ....
#.......... ..)..
######...##... .....:
...###...# .


You could see a phantom and 3 wights.

Vanquished Creatures
  A black bear (D:5)
  2 ogres (D:5)
  2 wights (D:5)
  A hound (D:5)
  An iguana (D:4)
  A gnoll (D:1)
  3 adders
  A white imp (D:5)
  A worm (D:3)
  A dart slug (D:2)
  An orc (D:4)
  4 endoplasms
  A giant cockroach (D:2)
  6 goblins
  9 hobgoblins
  3 jackals (D:5)
  2 quokkas
  8 ball pythons
  4 bats
  7 frilled lizards
  5 kobolds
  7 rats
71 creatures vanquished.

Notes
Turn   | Place    | Note
-------+----------+-------------------------------------------
     0 | D:1      | qeuew the Minotaur Berserker began the quest for the Orb.
     0 | D:1      | Reached XP level 1. HP: 19/19 MP: 0/0
   221 | D:1      | Reached skill level 3 in Armour
   221 | D:1      | Reached XP level 2. HP: 5/27 MP: 1/1
   689 | D:1      | Reached XP level 3. HP: 33/33 MP: 2/2
  1011 | D:2      | Reached ** piety under Trog
  1050 | D:2      | Found a faded altar of an unknown god.
  1069 | D:2      | Found a hide-covered altar of Uskayaw.
  1713 | D:3      | Found a stormy altar of Qazlal.
  1713 | D:3      | Found a broken altar of Ashenzari.
  1715 | D:3      | Found a glowing silver altar of Zin.
  1902 | D:3      | Reached XP level 4. HP: 39/40 MP: 3/3
  2652 | D:4      | Reached skill level 4 in Armour
  3217 | D:5      | Entered Level 5 of the Dungeon
  3217 | D:5      | Noticed a black bear
  3219 | D:5      | Noticed an ogre
  3221 | D:5      | Reached XP level 5. HP: 38/47 MP: 4/4
  3223 | D:5      | Killed an ogre
  3224 | D:5      | Reached skill level 5 in Armour
  3225 | D:5      | Killed a black bear
  3226 | D:5      | Reached skill level 5 in Fighting
  3226 | D:5      | Reached skill level 5 in Axes
  3226 | D:5      | Reached XP level 6. HP: 56/56 MP: 5/5
  3233 | D:5      | Reached *** piety under Trog
  3454 | D:5      | Reached skill level 6 in Armour
  3454 | D:5      | Mangled by a wight

Illustrated notes

Levels and vault maps discovered:
D:1:      sevenhm_arrival_forest_fort_large_2, layout_loops_cross,
          minmay_surrounded
D:2:      kennysheep_big_flooded_room, layout_basic, basic_altar,
          hellmonk_ecumenical_altar_inner_sanctum
D:3:      layout_loops_ring, grunt_temple_overflow_open, serial_rivers,
          chequers_serial_rivers_small_a, chequers_serial_rivers_micro_a,
          chequers_serial_rivers_micro_a, chequers_serial_rivers_large_a
D:4:      layout_loops_ring
D:5:      layout_gridville, tso_oasis_becter, temple_fountains,
          minmay_misc_feat_chi

Skill      XL: |  1  2  3  4  5  6 |
---------------+-------------------+-----
Armour         | 3 4 5 6 |  6.0
Axes           | 4 5 |  5.3
Fighting       | 4 5 |  5.3
Dodging        | 3 4 |  4.0

Action                     |  1- 3 |  4- 6 || total
---------------------------+-------+-------++-------
  Melee: Hand axe          |    82 |    58 ||   140
         Headbutt          |    13 |    10 ||    23
 Invoke: Berserk           |       |     2 ||     2
    Use: Scroll            |     8 |     5 ||    13
         Potion            |     3 |     2 ||     5
 Armour: Animal skin       |     9 |       ||     9
         Leather armour    |     9 |    15 ||    24
  Dodge: Dodged            |    59 |    39 ||    98
